 Dungeon Crawl Stone Soup version 0.27-a0-1049-g450f9b2e0d (webtiles) character file.

Game seed: 18260459754617223792

7 HoaS the Ducker (level 1, -1/10 HPs)
             Began as a Felid Monk on Apr 20, 2021.
             Slain by a kobold
             ... wielding a +0 dagger
              (4 damage)
             ... on level 1 of the Dungeon.
             The game lasted 00:01:07 (221 turns).

HoaS the Ducker (Felid Monk)                         Turns: 221, Time: 00:01:07

Health: -1/10      AC:  1    Str:  7    XL:     1   Next: 83%
Magic:  2/2        EV: 19    Int: 11    God:
Gold:   23         SH:  0    Dex: 18    Spells: 0/0 levels left
                                        Lives:  0   Deaths: 0

rFire    . . .     SeeInvis +     - Unarmed
rCold    . . .     Faith    .   (shield unavailable)
rNeg     . . .     Spirit   .   (armour unavailable)
rPois    .         Reflect  .   (helmet unavailable)
rElec    .         Harm     .   (cloak unavailable)
rCorr    .         Rampage  .   (gloves unavailable)
Will     .....                  (boots unavailable)
Stlth    ++........             (no amulet)
HPRegen  0.03/turn              (no ring)
MPRegen  0.08/turn              (no ring)

@: quick
A: very small, claws 1, fangs 3, see invisible, speed 1, shaggy fur 1, stealthy
paws, no weapons or thrown items, no armour, multi-lived
a: no special abilities


You were on level 1 of the Dungeon.
You visited 1 branch of the dungeon, and saw 1 of its levels.

You collected 23 gold pieces.

Inventory:

Scrolls
 c - a scroll of identify {unknown}
Potions
 a - a potion of lignification {unknown}
 b - a potion of brilliance {unknown}


   Skills:
 * Level 3.2 Fighting
 + Level 4.1 Dodging
 - Level 2.6 Stealth
 * Level 3.2 Unarmed Combat


You couldn't memorise any spells.
You didn't know any spells.
Your spell library was empty.

Dungeon Overview and Level Annotations

Branches:
Dungeon (1/15)

Altars:


Innate Abilities, Weirdness & Mutations

You have sharp claws.
You have razor-sharp teeth.
You have supernaturally acute eyesight. (SInv)
You cover ground quickly. (Speed+)
You are covered in fur. (AC +1)
Your paws help you pounce on unaware monsters.
You are incapable of wielding weapons or throwing items.
You cannot wear armour.
You gain extra lives every three experience levels.


Message History

You kill the hobgoblin!
You start resting.
HP restored.
A rat comes into view.
A rat is nearby!
A jackal and a kobold come into view.
A ball python comes into view.
An endoplasm comes into view.
A ball python comes into view.
The kobold shouts!
The jackal barks!
The endoplasm quivers.
The ball python hisses angrily.
Something bites the plant.
The plant begins to die.
Something grabs the plant.
The plant is constricted.
The jackal pauses to sniff the ground.
You swing at nothing.
You scratch the jackal but do no damage.
The jackal barely misses you.
You closely miss the jackal. The jackal bites you.
You scratch the jackal.
The jackal is heavily wounded.
The jackal completely misses you.
You barely miss the jackal.
The jackal is heavily wounded.
The jackal bites you. The jackal misses you.
You scratch the jackal.
You kill the jackal!
You scratch the rat.
You kill the rat!
The kobold throws a stone.
The stone closely misses you.
You swing at nothing.
The ball python misses you. The ball python grabs you.
The ball python constricts you.
You closely miss the ball python. The ball python closely misses you.
The ball python constricts you.
You claw the ball python!
You kill the ball python!
You scratch the kobold. Your claw misses the kobold.
The kobold is severely wounded.
The kobold hits you with a +0 dagger.
You die...

###..P..##..#..# ...........#
###†.........# #######.####
####...........# #.#
...............# .. ##.###
..............##.# ... ##....#
.............>...# #...#.....#
............###### #........#
.......S.....J#########........#
.....S......#.SK@............<.#
.....#################.........#
.....# ########### ....K#
P..P♣..# ≈.≈.≈≈♣# ≈≈P≈....#
≈≈≈≈≈J≈♣# ≈≈≈≈.≈...


You could see an endoplasm, a ball python and a kobold.

Vanquished Creatures
  A goblin (D:1)
  A hobgoblin (D:1)
  A jackal (D:1)
  A ball python (D:1)
  A bat (D:1)
  2 rats (D:1)
7 creatures vanquished.

Vanquished Creatures (others)
  A plant (D:1)
1 creature vanquished.

Grand Total: 8 creatures vanquished

Notes
Turn   | Place    | Note
-------+----------+-------------------------------------------
     0 | D:1      | HoaS the Felid Monk began the quest for the Orb.
     0 | D:1      | Reached XP level 1. HP: 10/10 MP: 2/2
    13 | D:1      | Found a faded altar of an unknown god.
   221 | D:1      | Slain by a kobold

Illustrated notes

Levels and vault maps discovered:
D:1:      elethiomel_arrival_shortcut, layout_basic,
          chequers_ecumenical_altar_simple, serial_bayou_pond_c,
          serial_bayou_pond_b, minmay_rat_gold_closets

Action                   || total
-------------------------++-------
Melee: Unarmed           ||    15
       Bite              ||     1
 Stab: Sleeping          ||     1
Dodge: Dodged            ||     8

Table legend: (Time is in decaauts)
 A = Elapsed time spent in this place.
 B = Non-inter-level travel time spent in this place.
 C = Inter-level travel time spent in this place.
 D = Time resting spent in this place.
 E = Time spent auto-exploring this place.
 F = Levels seen in this place.
 G = Mean time per level.
                   A        B        C        D        E       F      G
               +--------+--------+--------+--------+--------+-----+--------+
         Total |    194 |    194 |      0 |     64 |     72 |   1 |  194.0 |
       Dungeon |    194 |    194 |      0 |     64 |     72 |   1 |  194.0 |
               +--------+--------+--------+--------+--------+-----+--------+

Top non-repeatable levels by time:
     D:1: 194 daAuts
